L4
JEDDAH CYCLONES @ TIRANA KODIAKS
07/11/2111
 
TOP OF THE 1ST
Jeddah Cyclones batting - Pitching for Tirana Kodiaks : RHP Griff Buckingham
Pitching: RHP Griff Buckingham
Batting: RHB Mario Jimenez 0-0: Ground out 6-3 (Groundball, 6, EV 101.3 MPH)
Batting: RHB Lambert van Tilborg 0-0: Called Strike
0-1: Fly out, F8 (Flyball, 8LD, EV 82.5 MPH)
Batting: LHB Wiji Djojopoespito 0-0: Swinging Strike
0-1: Called Strike
0-2: Ball
1-2: Foul Ball, location: 2F
1-2: Ball
2-2: Strikes out swinging
Top of the 1st over - 0 runs, 0 hits, 0 errors, 0 left on base; Jeddah 0 - Tirana 0
BOTTOM OF THE 1ST
Tirana Kodiaks batting - Pitching for Jeddah Cyclones : RHP Alexander Segerstam
Pitching: RHP Alexander Segerstam
Batting: SHB Jose Gallegos 0-0: Called Strike
0-1: Called Strike
0-2: Ball
1-2: Fly out, F8 (Flyball, 8RM, EV 87.5 MPH)
Batting: RHB Hanna Fahad 0-0: Ball
1-0: Foul Ball, location: 25F
1-1: Ball
2-1: Fly out, F7 (Flyball, 78D, EV 106.9 MPH)
Batting: RHB Pavlo Berhoev 0-0: Ball
1-0: SINGLE (Line Drive, 78S, EV 98.8 MPH)
Batting: RHB Huynh Thuan 0-0: SINGLE (Groundball, 6D, EV 105.0 MPH)
Pavlo Berhoev to second
Batting: LHB Azhar Maghdud Khel 0-0: Ball
1-0: Foul Ball, location: 7LMF
1-1: Ball
2-1: DOUBLE (Line Drive, 7LS, EV 108.8 MPH)
Pavlo Berhoev scores
Huynh Thuan to third
Runner from 3rd tries for Home, SAFE, throw by LF to trailing runner, SAFE at third!
Batting: RHB Ezedine Ghandour 0-0: Called Strike
0-1: Ground out 4-3 (Groundball, 4, EV 105.0 MPH)
Bottom of the 1st over - 2 runs, 3 hits, 0 errors, 1 left on base; Jeddah 0 - Tirana 2
TOP OF THE 2ND
Jeddah Cyclones batting - Pitching for Tirana Kodiaks : RHP Griff Buckingham
Batting: RHB Bill Rolfe 0-0: Ball
1-0: Called Strike
1-1: Ball
2-1: Ball
3-1: Called Strike
3-2: Fly out, F7 (Flyball, 78M, EV 91.9 MPH)
Batting: RHB Ilyas Lugono 0-0: Called Strike
0-1: Swinging Strike
0-2: Ball
1-2: Strikes out looking
Batting: RHB Ramelan Susanti 0-0: Ball
1-0: Ball
2-0: Ball
3-0: Foul Ball, location: 2F
3-1: Foul Ball, location: 5SF
3-2: SINGLE (Line Drive, 8RS, EV 89.4 MPH)
Batting: RHB Mwangi Kanaifu 0-0: Ball
1-0: Ball
2-0: Called Strike
2-1: Called Strike
2-2: Fly out, F7 (Flyball, 7S, EV 90.0 MPH)
Top of the 2nd over - 0 runs, 1 hit, 0 errors, 1 left on base; Jeddah 0 - Tirana 2
BOTTOM OF THE 2ND
Tirana Kodiaks batting - Pitching for Jeddah Cyclones : RHP Alexander Segerstam
Batting: RHB Arto Saarinen 0-0: Called Strike
0-1: Ball
1-1: Ball
2-1: Ground out 5-3 (Groundball, 5S, EV 80.6 MPH)
Batting: LHB Alik Kapuller 0-0: Swinging Strike
0-1: Ball
1-1: Ball
2-1: Ball
3-1: Ground out 6-3 (Groundball, 6, EV 105.0 MPH)
Batting: LHB Victor Colon 0-0: Ball
1-0: Called Strike
1-1: Swinging Strike
1-2: Strikes out looking
Bottom of the 2nd over - 0 runs, 0 hits, 0 errors, 0 left on base; Jeddah 0 - Tirana 2
TOP OF THE 3RD
Jeddah Cyclones batting - Pitching for Tirana Kodiaks : RHP Griff Buckingham
Batting: RHB Kohone Songoro 0-0: Called Strike
0-1: Ground out 6-3 (Groundball, 56, EV 86.3 MPH)
Batting: RHB Gunder Rude 0-0: Called Strike
0-1: Ball
1-1: Called Strike
1-2: Ball
2-2: Foul Ball, location: 2F
2-2: Fly out, F8 (Flyball, 8RD, EV 105.6 MPH)
Batting: RHB Mario Jimenez 0-0: Called Strike
0-1: Ball
1-1: SINGLE (Groundball, 6D, EV 96.9 MPH)
Batting: RHB Lambert van Tilborg 0-0: Called Strike
0-1: Ball
Mario Jimenez steals 2nd base
1-1: Ball
2-1: Fly out, F6 (Line Drive, 6, EV 61.3 MPH)
Top of the 3rd over - 0 runs, 1 hit, 0 errors, 1 left on base; Jeddah 0 - Tirana 2
BOTTOM OF THE 3RD
Tirana Kodiaks batting - Pitching for Jeddah Cyclones : RHP Alexander Segerstam
Batting: SHB Jose Gallegos 0-0: Foul Ball, location: 7LDF
0-1: Called Strike
0-2: Strikes out looking
Batting: RHB Hanna Fahad 0-0: Ball
1-0: Ball
2-0: Ball
3-0: Base on Balls
Batting: RHB Pavlo Berhoev 0-0: Grounds into double play, 4-6-3 (Groundball, 4MS, EV 80.6 MPH)
Bottom of the 3rd over - 0 runs, 0 hits, 0 errors, 0 left on base; Jeddah 0 - Tirana 2
TOP OF THE 4TH
Jeddah Cyclones batting - Pitching for Tirana Kodiaks : RHP Griff Buckingham
Batting: LHB Wiji Djojopoespito 0-0: Ball
1-0: Foul Ball, location: 7LSF
1-1: SINGLE (Line Drive, 7LS, EV 90.0 MPH)
Batting: RHB Bill Rolfe 0-0: Fly out, F9 (Flyball, 89M, EV 90.6 MPH)
Batting: RHB Ilyas Lugono 0-0: Ball
1-0: Called Strike
1-1: Ball
2-1: Ball
3-1: Called Strike
3-2: Grounds into double play, 5-4-3 (Groundball, 56, EV 105.0 MPH)
Top of the 4th over - 0 runs, 1 hit, 0 errors, 0 left on base; Jeddah 0 - Tirana 2
BOTTOM OF THE 4TH
Tirana Kodiaks batting - Pitching for Jeddah Cyclones : RHP Alexander Segerstam
Batting: RHB Huynh Thuan 0-0: Fly out, F4 (Popup, 4, EV 80.0 MPH)
Batting: LHB Azhar Maghdud Khel 0-0: Ball
1-0: Fly out, F6 (Popup, 6MS, EV 72.5 MPH)
Batting: RHB Ezedine Ghandour 0-0: Ball
1-0: Fly out, F6 (Popup, 4M, EV 73.8 MPH)
Bottom of the 4th over - 0 runs, 0 hits, 0 errors, 0 left on base; Jeddah 0 - Tirana 2
TOP OF THE 5TH
Jeddah Cyclones batting - Pitching for Tirana Kodiaks : RHP Griff Buckingham
Batting: RHB Ramelan Susanti 0-0: Ball
1-0: Foul Ball, location: 23FF
1-1: SINGLE (Line Drive, 3D, EV 103.1 MPH)
Batting: RHB Mwangi Kanaifu 0-0: Swinging Strike
0-1: Swinging Strike
0-2: Strikes out looking
Batting: RHB Kohone Songoro 0-0: Called Strike
0-1: SINGLE (Line Drive, 9LS, EV 104.4 MPH)
Ramelan Susanti to second
Runner from 2nd tries for 3rd, SAFE, throw by RF made to third
Batting: RHB Gunder Rude 0-0: Ball
1-0: Foul Ball, location: 2F
1-1: Ball
2-1: Called Strike
2-2: Foul Ball, location: 2F
2-2: Fly out, F9 (Flyball, 89S, EV 90.6 MPH)
Batting: RHB Mario Jimenez 0-0: Ball
1-0: Ball
2-0: Hit by Pitch
Kohone Songoro to second
Batting: RHB Lambert van Tilborg 0-0: Fly out, F4 (Popup, 4M, EV 67.5 MPH)
Top of the 5th over - 0 runs, 2 hits, 0 errors, 3 left on base; Jeddah 0 - Tirana 2
BOTTOM OF THE 5TH
Tirana Kodiaks batting - Pitching for Jeddah Cyclones : RHP Alexander Segerstam
Batting: RHB Arto Saarinen 0-0: Swinging Strike
0-1: Ball
1-1: Ball
2-1: Foul Ball, location: 23FF
2-2: Ground out U3 (Groundball, 34, EV 81.9 MPH)
Batting: LHB Alik Kapuller 0-0: Ball
1-0: Called Strike
1-1: Swinging Strike
1-2: Ball
2-2: SINGLE (Line Drive, 56D, EV 105.0 MPH)
Batting: LHB Victor Colon 0-0: Sac Bunt to 15S - play at second, runner OUT! 1-6
Batting: SHB Jose Gallegos 0-0: Ball
1-0: Ball
2-0: Foul Ball, location: 2F
2-1: Foul Ball, location: 2F
2-2: Strikes out looking
Bottom of the 5th over - 0 runs, 1 hit, 0 errors, 1 left on base; Jeddah 0 - Tirana 2
TOP OF THE 6TH
Jeddah Cyclones batting - Pitching for Tirana Kodiaks : RHP Griff Buckingham
Batting: LHB Wiji Djojopoespito 0-0: Ball
1-0: Foul Ball, location: 7LDF
1-1: Fly out, F8 (Flyball, 8LD, EV 89.4 MPH)
Batting: RHB Bill Rolfe 0-0: Called Strike
0-1: Swinging Strike
0-2: Ball
1-2: Ball
2-2: Strikes out looking
Batting: RHB Ilyas Lugono 0-0: SINGLE (Flyball, 9LS, EV 97.5 MPH)
Batting: RHB Ramelan Susanti 0-0: Ball
1-0: Foul Ball, location: 3FF
1-1: Fly out, F4 (Popup, 4M, EV 67.5 MPH)
Top of the 6th over - 0 runs, 1 hit, 0 errors, 1 left on base; Jeddah 0 - Tirana 2
BOTTOM OF THE 6TH
Tirana Kodiaks batting - Pitching for Jeddah Cyclones : RHP Alexander Segerstam
Batting: RHB Hanna Fahad 0-0: Foul Ball, location: 23F
0-1: Ball
1-1: Ball
2-1: Ball
3-1: TRIPLE (Flyball, 8LXD, EV 106.9 MPH)
Batting: RHB Pavlo Berhoev 0-0: Ball
1-0: Called Strike
1-1: Fly out, F8 (Flyball, 78D, EV 93.1 MPH)
Runner from 3rd tags up, SCORES, no throw by CF
Batting: RHB Huynh Thuan 0-0: Ball
1-0: Ball
2-0: Fly out, F8 (Line Drive, 8LS, EV 91.9 MPH)
Batting: LHB Azhar Maghdud Khel 0-0: Ball
1-0: Foul Ball, location: 2RF
1-1: Ball
2-1: Ground out 5-3 (Groundball, 5, EV 105.0 MPH)
Bottom of the 6th over - 1 run, 1 hit, 0 errors, 0 left on base; Jeddah 0 - Tirana 3
TOP OF THE 7TH
Jeddah Cyclones batting - Pitching for Tirana Kodiaks : RHP Griff Buckingham
Batting: RHB Mwangi Kanaifu 0-0: Ground out 3-1 (Groundball, 34, EV 91.3 MPH)
Batting: RHB Kohone Songoro 0-0: Ball
1-0: Swinging Strike
1-1: SOLO HOME RUN (Flyball, 78XD, EV 99.4 MPH), Distance : 393 ft
Batting: RHB Gunder Rude 0-0: Called Strike
0-1: Ball
1-1: Ground out 1-3 (Groundball, 13S, EV 66.9 MPH)
Batting: RHB Mario Jimenez 0-0: Ball
1-0: Foul Ball, location: 7LSF
1-1: Ball
2-1: SINGLE (Line Drive, 5D, EV 94.4 MPH)
Batting: RHB Lambert van Tilborg 0-0: Called Strike
0-1: Ball
1-1: Ball
2-1: Fly out, F7 (Flyball, 7D, EV 110.6 MPH)
Top of the 7th over - 1 run, 2 hits, 0 errors, 1 left on base; Jeddah 1 - Tirana 3
BOTTOM OF THE 7TH
Tirana Kodiaks batting - Pitching for Jeddah Cyclones : RHP Alexander Segerstam
Batting: RHB Ezedine Ghandour 0-0: Swinging Strike
0-1: Called Strike
0-2: Strikes out looking
Batting: RHB Arto Saarinen 0-0: Ball
1-0: Ball
2-0: Ball
3-0: Base on Balls
Batting: LHB Alik Kapuller 0-0: Called Strike
0-1: Foul Ball, location: 2F
0-2: Fly out, F7 (Flyball, 7D, EV 90.0 MPH)
Batting: LHB Victor Colon 0-0: Called Strike
0-1: Ball
1-1: Called Strike
1-2: Fly out, F9 (Flyball, 9, EV 75.0 MPH)
Bottom of the 7th over - 0 runs, 0 hits, 0 errors, 1 left on base; Jeddah 1 - Tirana 3
TOP OF THE 8TH
Jeddah Cyclones batting - Pitching for Tirana Kodiaks : RHP Griff Buckingham
Pitching: RHP Eric Collier
Batting: LHB Wiji Djojopoespito 0-0: Ground out 4-3 (Groundball, 4, EV 105.0 MPH)
Batting: RHB Bill Rolfe 0-0: Fly out, F9 (Flyball, 9, EV 90.6 MPH)
Pinch Hitting: LHB Francisco Lopez 0-0: Called Strike
0-1: Ball
1-1: Fly out, F7 (Line Drive, 7, EV 97.5 MPH)
Top of the 8th over - 0 runs, 0 hits, 0 errors, 0 left on base; Jeddah 1 - Tirana 3
BOTTOM OF THE 8TH
Tirana Kodiaks batting - Pitching for Jeddah Cyclones : RHP Alexander Segerstam
Now at SS: Mario Avalo
Batting: SHB Jose Gallegos 0-0: Called Strike
0-1: DOUBLE (Flyball, 8RXD, EV 102.5 MPH)
Batting: RHB Hanna Fahad 0-0: Called Strike
0-1: SINGLE (Line Drive, 4MD, EV 97.5 MPH)
Jose Gallegos to third
Batting: RHB Pavlo Berhoev 0-0: Ball
1-0: Called Strike
1-1: Swinging Strike
1-2: Foul Ball, location: 3DF
1-2: Grounds into double play, 6-4-3 (Groundball, 6, EV 77.5 MPH)
Jose Gallegos scores
Batting: RHB Huynh Thuan 0-0: Ball
1-0: Ball
2-0: Foul Ball, location: 7LMF
2-1: Ball
3-1: Base on Balls
Pitching: RHP Saulo Ambar
Batting: LHB Azhar Maghdud Khel 0-0: Ball
1-0: Ball
2-0: Ball
3-0: Fielders Choice at 2nd, 6-4 (Groundball, 6, EV 105.0 MPH)
Bottom of the 8th over - 1 run, 2 hits, 0 errors, 1 left on base; Jeddah 1 - Tirana 4
TOP OF THE 9TH
Jeddah Cyclones batting - Pitching for Tirana Kodiaks : RHP Eric Collier
Pitching: LHP Yeon-kyu Ham
Batting: RHB Ramelan Susanti 0-0: Called Strike
0-1: Foul Ball, location: 5FF
0-2: Strikes out swinging
Batting: RHB Mwangi Kanaifu 0-0: Ball
1-0: Ball
2-0: SINGLE (Line Drive, 6D, EV 97.5 MPH)
Batting: RHB Kohone Songoro 0-0: Ball
1-0: Called Strike
1-1: Foul Ball, location: 7LSF
1-2: Fly out, F9 (Flyball, 9D, EV 91.3 MPH)
Batting: RHB Gunder Rude 0-0: Ball
1-0: Fly out, F9 (Flyball, 89M, EV 100.6 MPH)
Top of the 9th over - 0 runs, 1 hit, 0 errors, 1 left on base; Jeddah 1 - Tirana 4
Wednesday, August 28th , 2024 - OOTP Baseball 25.8 Build 87